 Dungeon Crawl Stone Soup version 0.21.1-1-g345015f (webtiles) character file.

331 Kairos the Ducker (level 6, -1/39 HPs)
             Began as an Octopode Transmuter on Apr 24, 2018.
             Slain by an orc
             ... wielding a +0 hand axe
              (4 damage)
             ... on level 4 of the Dungeon.
             The game lasted 00:07:34 (5369 turns).

Kairos the Ducker (Octopode Transmuter)             Turns: 5369, Time: 00:07:35

Health: -1/39      AC:  1    Str: 11    XL:     6   Next: 51%
Magic:  10/10      EV: 15    Int: 15    God:
Gold:   258        SH:  0    Dex: 13    Spells: 9/10 levels left

rFire    . . .     SeeInvis .   i - -2 whip (curse)
rCold    . . .     Gourm    .   (no shield)
rNeg     . . .     Faith    +   (helmet restricted)
rPois    .         Spirit   .   r - amulet of faith
rElec    .         Reflect  .   j - ring of teleportation (curse)
rCorr    .         Harm     .   (no ring)
MR       .....     Rnd*Tele +   (no ring)
Stlth    +++.......             (no ring)
HPRegen  0.13/turn              (no ring)
MPRegen  0.12/turn              (no ring)
                                (no ring)
                                (no ring)

@: no status effects
A: almost no armour, stealthy swim, amphibious, 8 rings, constrict 8, camouflage
1, gelatinous body 1
a: no special abilities


You were on level 4 of the Dungeon.
You were not hungry.

You visited 1 branch of the dungeon, and saw 4 of its levels.

You collected 258 gold pieces.

Inventory:

Hand Weapons
 e - a +2 hand axe
 f - a +0 hunting sling
 i - a cursed -2 whip (weapon)
 l - a +0 whip of venom
Missiles
 a - 12 arrows
 m - 12 tomahawks (quivered)
Jewellery
 j - a cursed ring of teleportation (left tentacle)
 r - an amulet of faith (around mantle)
Wands
 n - a wand of polymorph (6)
Scrolls
 g - 4 scrolls of identify
 p - 2 scrolls of teleportation
 s - a scroll of noise {unknown}
 t - a scroll of enchant weapon
 u - a scroll of remove curse {unknown}
Potions
 d - a potion of curing {unknown}
 h - a potion of agility
 k - a potion of might
 q - 2 potions of degeneration {unknown}
Books
 b - a book of Changes

   Spells                             Type                      Level
   a - Beastly Appendage              Transmutation                1
   b - Sticks to Snakes               Transmutation                2
   c - Spider Form                    Transmutation/Poison         3
   d - Ice Form                       Ice/Transmutation            4
   e - Blade Hands                    Transmutation                5
Comestibles
 c - 8 rations


   Skills:
 + Level 2.1 Fighting
 + Level 2.9 Maces & Flails
 + Level 3.8 Dodging
 + Level 2.8 Stealth
 + Level 3.3 Unarmed Combat
 + Level 2.8 Spellcasting
 + Level 2.5 Transmutations
 + Level 0.1 Evocations


You had 9 spell levels left.
You knew the following spells:

 Your Spells              Type           Power        Failure   Level  Hunger
a - Beastly Appendage     Tmut           #.....       7%          1    #......


Dungeon Overview and Level Annotations

Branches:
Dungeon (4/15)
 Temple: D:4-7

Altars:
Uskayaw
Zin


Innate Abilities, Weirdness & Mutations

You cannot wear most types of armour.
You are very stealthy in the water. (Stealth+)
You are amphibious.
You can wear up to eight rings at the same time.
You can use your tentacles to constrict eight enemies at once.
Your skin changes colour to match your surroundings (Stealth+).
Your rubbery body absorbs attacks. (AC +1, EV +1)


Message History

The worker ant is moderately wounded.
You constrict the worker ant. The worker ant barely misses you.
The orc hits you with a hand axe.
* * * LOW HITPOINT WARNING * * *
You hit the worker ant. You squeeze the worker ant.
The worker ant is severely wounded.
You constrict the worker ant. The worker ant misses you.
The orc hits you with a hand axe.
* * * LOW HITPOINT WARNING * * *
You hit the worker ant.
The worker ant is almost dead.
You constrict the worker ant.
You kill the worker ant!
The orc misses you.
You barely miss the orc. Your grab misses the orc.
The orc hits you but does no damage.
You barely miss the orc. Your grab misses the orc. You barely miss the orc.
You grab the orc. You constrict the orc. The orc hits you with a hand axe.
You die...

.[)>...................##
#.#
.###..##.#.#########....##
#.# .# #..##....# ##.....##
#.# .# #..##....# #.......#
#.# .# #...#....#####
#.......# #.# .#
#.#..........###.......# #.#
.# #.#........#...<......##
#.# .#
#.#.........o#####....# #..
.###.#.##...##..@†.........
###
.......##........?.....#.###
............##########.#.#
######.###### #.#.# #.######
.# .# #......########.#
######.J.......#
##########.#


You could see an orc.

Vanquished Creatures
  2 orc priests
  2 orc wizards
  A worker ant (D:4)
  6 adders
  A shadow imp (D:3)
  2 oozes (D:3)
  2 adder zombies (D:2)
  3 adder skeletons (D:2)
  3 worms
  4 leopard geckos
  11 orcs
  A ball python (D:4)
  2 bat skeletons (D:2)
  5 giant cockroaches
  9 goblins
  8 hobgoblins
  3 jackals (D:2)
  9 kobolds
  4 bats
  7 frilled lizards
  A leopard gecko skeleton (D:2)
  A quokka skeleton (D:2)
  A quokka zombie (D:2)
  7 rats
95 creatures vanquished.

Notes
Turn   | Place    | Note
-------+----------+-------------------------------------------
     0 | D:1      | Kairos the Octopode Transmuter began the quest for the Orb.
     0 | D:1      | Reached XP level 1. HP: 13/13 MP: 3/3
   376 | D:1      | Reached XP level 2. HP: 12/18 MP: 5/5
   873 | D:2      | Reached XP level 3. HP: 20/23 MP: 6/6
  1492 | D:2      | Reached XP level 4. HP: 15/28 MP: 8/8
  1905 | D:2      | Reached skill level 1 in Maces & Flails
  2091 | D:2      | Found a hide-covered altar of Uskayaw.
  2092 | D:2      | Found a glowing silver altar of Zin.
  2368 | D:3      | Reached skill level 1 in Stealth
  2372 | D:3      | Reached XP level 5. HP: 8/33 MP: 9/9
  4532 | D:4      | Reached XP level 6. HP: 13/39 MP: 10/10
  5369 | D:4      | Slain by an orc

Skill      XL: |  1  2  3  4  5  6 |
---------------+-------------------+-----
Maces & Flails | 1 2 |  2.9
Stealth        | 1 2 |  2.8
Dodging        | 3 |  3.8
Fighting       | 2 |  2.1
Unarmed Combat | |  3.3
Spellcasting   | |  2.8
Transmutations | |  2.5
Evocations     | |  0.1

Action                   |  1- 3 |  4- 6 || total
-------------------------+-------+-------++-------
Melee: Hand axe          |    15 |       ||    15
       Constrict         |    24 |    50 ||    74
       Whip              |    82 |   230 ||   312
       Tentacles         |    18 |    29 ||    47
       Punch             |     2 |     6 ||     8
       Kick              |     2 |       ||     2
 Cast: Beastly Appendage |     3 |       ||     3
Evoke: Wand              |       |     3 ||     3
  Use: Scroll            |     6 |     2 ||     8
       Potion            |     2 |     1 ||     3
 Stab: Sleeping          |     2 |    11 ||    13
  Eat: Chunk             |     2 |     9 ||    11
       Ration            |       |     1 ||     1
Armor: Skin              |     9 |    50 ||    59
Dodge: Dodged            |    67 |   161 ||   228
